 Dungeon Crawl Stone Soup version 0.27-a0-406-g23f261fbd2 (webtiles) character file.

Game seed: 13111196505573755846

58 vurker the Gusty (level 4, -7/25 HPs)
             Began as a Tengu Air Elementalist on Feb 22, 2021.
             Shot with an arrow by a centaur (14 damage)
             ... on level 3 of the Dungeon.
             The game lasted 00:02:10 (2559 turns).

vurker the Gusty (Tengu Air Elementalist)           Turns: 2559, Time: 00:02:11

Health: -7/25      AC:  3    Str:  8    XL:     4   Next: 2%
Magic:  6/9        EV: 12    Int: 16    God:
Gold:   49         SH:  0    Dex: 15    Spells: 7/8 levels left

rFire    . . .     SeeInvis .   n - +0 dagger (drain)
rCold    . . .     Faith    .   (no shield)
rNeg     . . .     Spirit   .   a - +0 robe
rPois    .         Reflect  .   (helmet restricted)
rElec    .         Harm     .   i - +0 cloak
rCorr    .         Rampage  .   (no gloves)
Will     .....                  (boots unavailable)
Stlth    ++........             (no amulet)
HPRegen  0.08/turn              (no ring)
MPRegen  0.11/turn              (no ring)

@: no status effects
A: beak, talons 3
a: no special abilities


You were on level 3 of the Dungeon.
You visited 1 branch of the dungeon, and saw 3 of its levels.

You collected 49 gold pieces.

Inventory:

Hand Weapons
 b - a +0 short sword
   (You took it off a kobold on level 1 of the Dungeon)
 n - a +0 dagger of draining (weapon)
   (You took it off a goblin on level 2 of the Dungeon)
Armour
 a - a +0 robe (worn)
 i - a +0 cloak (worn)
   (You found it on level 2 of the Dungeon)
Scrolls
 d - a scroll of blinking {unknown}
 e - a scroll of amnesia {unknown}
 j - 3 scrolls of identify {unknown}
 k - a scroll of teleportation {unknown}
 l - a scroll of enchant weapon {unknown}
 m - a scroll of fear {unknown}
 o - a scroll of fog {unknown}
Potions
 c - 2 potions of heal wounds {unknown}
 f - 2 potions of attraction {unknown}
 g - 2 potions of degeneration {unknown}
 h - a potion of lignification {unknown}


   Skills:
 + Level 1.1 Fighting
 - Level 2.1 Dodging
 - Level 2.0 Stealth
 * Level 2.7 Spellcasting
 + Level 2.2 Conjurations
 * Level 4.9 Air Magic


You had 7 spell levels left.
You knew the following spells:

 Your Spells              Type           Power        Failure   Level
a - Shock                 Conj/Air       52%          4%          1

Your spell library contained the following spells:

 Spells                   Type           Power        Failure   Level
 Swiftness                Air            17%          3%          2
 Static Discharge         Conj/Air       13%          13%         3
 Airstrike                Air            8%           26%         4
 Lightning Bolt           Conj/Air       6%           77%         5


Dungeon Overview and Level Annotations

Branches:
Dungeon (3/15)

Altars:


Innate Abilities, Weirdness & Mutations

You have a beak for a mouth.
You have claws for feet.


Message History

n - a +0 dagger of draining You sense an unholy aura.
n - a +0 dagger of draining (weapon)
Done exploring.
Done exploring.
There is a stone staircase leading down here.
You climb downwards.
A quokka and an orc come into view.
Found a leather armour.
There is a stone staircase leading up here.
There are monsters nearby!
Aim: a quokka (asleep, 0% to evade)
The zap hits the quokka.
The zap hits the orc.
The orc shouts!
You hear a shout!
Aim: a quokka (severely wounded, 44% to evade)
The zap hits the quokka.
You kill the quokka!
The zap misses the orc.
Aim: an orc, wielding a +0 hand axe and quivering boomerangs (almost dead, 32% to evade)
The zap hits the orc.
You kill the orc!
You have reached level 4!
You feel agile.
A hobgoblin comes into view.
Aim: a hobgoblin (32% to evade)
The zap hits the hobgoblin.
Aim: a hobgoblin (lightly wounded, 32% to evade)
The zap hits the hobgoblin.
Aim: a hobgoblin (severely wounded, 32% to evade)
The zap hits the hobgoblin.
You kill the hobgoblin!
Found 23 arrows.
You see here a leather armour.
You see here a quokka corpse.
Things that are here:
a +0 hand axe; 5 boomerangs; an orc corpse
Found a scroll labelled KUUNYS XORIT.
o - a scroll labelled KUUNYS XORIT A centaur comes into view.
A centaur is nearby!
Aim: a centaur, quivering arrows (asleep, 0% to evade)
The zap hits the centaur.
The centaur wields a +0 shortbow.
The centaur shoots an arrow.
The arrow hits you!
Aim: a centaur, wielding a +0 shortbow and quivering arrows (lightly wounded, 19% to evade)
The zap hits the centaur.
The centaur shoots an arrow.
The arrow hits you!
* * * LOW HITPOINT WARNING * * *
Aim: a centaur, wielding a +0 shortbow and quivering arrows (moderately wounded, 19% to evade)
The zap hits the centaur.
The centaur shoots an arrow.
The arrow hits you!
Ouch! That really hurt!
You die...

#. #. ....# #. ....# #.
....# #.####### ....#
#.#.....##### ....#
#.#.........# ....#
#........@..#
....#####.#######......#
[..†).....# ......#
......##..# ......#
......##..# ......#
...#####..# ......# ...#
#..# c###### ...# #..#
.. ...# #..#


You could see a centaur.

Vanquished Creatures
  An adder (D:2)
  An ooze (D:2)
  A worm (D:2)
  A leopard gecko (D:1)
  An orc (D:3)
  A ball python (D:1)
  7 goblins
  4 hobgoblins
  3 quokkas
  4 bats
  3 frilled lizards
  5 kobolds
  9 rats
41 creatures vanquished.

Notes
Turn   | Place    | Note
-------+----------+-------------------------------------------
     0 | D:1      | vurker the Tengu Air Elementalist began the quest for the
                  | Orb.
     0 | D:1      | Reached XP level 1. HP: 10/10 MP: 4/4
   609 | D:1      | Reached XP level 2. HP: 15/15 MP: 3/6
  1254 | D:2      | Reached XP level 3. HP: 20/20 MP: 5/7
  1580 | D:2      | Reached skill level 1 in Fighting
  2476 | D:3      | Reached XP level 4. HP: 25/25 MP: 5/9
  2556 | D:3      | Noticed a centaur
  2559 | D:3      | Shot with an arrow by a centaur

Illustrated notes

Levels and vault maps discovered:
D:1:      lightli_arrival_maybe_door_vault, layout_basic, moated_statue
D:2:      layout_loops_corners
D:3:      layout_basic, chequers_jeans, minmay_tree_intersection

Skill      XL: |  1  2  3 |
---------------+----------+-----
Conjurations   | 2 |  2.2
Fighting       | 1 |  1.1
Dodging        | |  2.1
Stealth        | |  2.0
Spellcasting   | |  2.7
Air Magic      | |  4.9

Action                   |  1- 3 |  4- 6 || total
-------------------------+-------+-------++-------
Melee: Unarmed           |     8 |       ||     8
       Kick              |     1 |       ||     1
       Peck              |     1 |       ||     1
       Short sword       |     4 |       ||     4
 Cast: Shock             |    82 |     6 ||    88
Dodge: Dodged            |    15 |       ||    15

Table legend: (Time is in decaauts)
 A = Elapsed time spent in this place.
 B = Non-inter-level travel time spent in this place.
 C = Inter-level travel time spent in this place.
 D = Time resting spent in this place.
 E = Time spent auto-exploring this place.
 F = Levels seen in this place.
 G = Mean time per level.
                   A        B        C        D        E       F      G
               +--------+--------+--------+--------+--------+-----+--------+
         Total |   2558 |   2497 |     61 |      0 |   2315 |   3 |  852.7 |
       Dungeon |   2558 |   2497 |     61 |      0 |   2315 |   3 |  852.7 |
               +--------+--------+--------+--------+--------+-----+--------+

Top non-repeatable levels by time:
     D:1: 1249 daAuts
     D:2: 1221 daAuts
     D:3: 86 daAuts
